 Dungeon Crawl Stone Soup version 0.26-a0-466-g989023bd0d (webtiles) character file.

Game seed: 4742748920625986054

574611 bmfx the Archmage (level 25, -7/155 HPs)
             Began as a Deep Elf Delver on Aug 13, 2020.
             Was the Champion of Vehumet.
             Killed from afar by a shadow dragon (30 damage)
             ... with a bolt of negative energy
             ... on level 2 of the Realm of Zot.
             The game lasted 02:18:23 (69846 turns).

bmfx the Archmage (Deep Elf Delver)                Turns: 69846, Time: 02:18:23

Health: -7/155     AC: 26    Str: 12    XL:     25   Next: 74%
Magic:  0/65       EV: 28    Int: 36    God:    Vehumet [******]
Gold:   4535       SH:  7    Dex: 15    Spells: 40/78 levels left

rFire    + . .     SeeInvis .   w - staff of conjuration {!a}
rCold    . . .     Faith    .   B - +2 buckler {AC+3}
rNeg     . . .     Spirit   +   H - +4 leather armour "Tynifoas" {+Fly MR+ MP+9}
rPois    +         Reflect  .   M - +2 helmet
rElec    .         Harm     .   V - +2 cloak {rPois}
rCorr    .                      O - +2 pair of gloves {Dex+3}
MR       +++..                  L - +2 pair of boots
Stlth    +++.......             C - amulet of guardian spirit
HPRegen  0.35/turn              b - ring of Qaecluss {rPois AC+4 Str+3 Int+9 Dex-5}
MPRegen  0.39/turn              Y - ring of protection from fire

@: no potions, very slightly contaminated, slowed, drained, very slow
A: no striking features
}: 3/15 runes: barnacled, silver, gossamer
a: Renounce Religion, Evoke Flight


You were on level 2 of the Realm of Zot.
You worshipped Vehumet.
Vehumet was exalted by your worship.
You visited 9 branches of the dungeon, and saw 44 of its levels.
You also visited: Ossuary and Gauntlet.

You collected 7781 gold pieces.
You spent 3246 gold pieces at shops.

Dungeon Overview and Level Annotations

Branches:
Dungeon (15/15)            Temple (1/1) D:5            Lair (6/6) D:10
 Shoals (4/4) Lair:3       Spider (4/4) Lair:4        Slime (0/5) Lair:5
    Orc (2/2) D:9             Elf (0/3) Orc:2        Vaults (5/5) D:14
  Crypt (0/3) Vaults:2     Depths (5/5) D:15            Zot (2/5) Depths:5
Ossuary (visited)         Gauntlet (visited)

Altars:
Ashenzari
Cheibriados
Dithmenos
Elyvilon
Fedhas
Hepliaklqana
Kikubaaqudgha
Makhleb
Nemelex Xobeh
Okawaru
Qazlal
Ru
Sif Muna
Trog
Uskayaw
Vehumet
Wu Jian
Xom
Yredelemnul
Zin
The Shining One
Beogh

Shops:
D:5 [   D:6 (   D:8 (   Orc:2 !}}(:   Shoals:1 **([(   Vaults:3 !   Vaults:4 *

Portals:
Hell: Depths:1 Depths:2 Depths:3 Depths:4 Depths:5
Abyss: Depths:1 Depths:4 Depths:5
Pandemonium: Depths:2 Depths:3 Depths:4
Ziggurat: Depths:4

Annotations:
Lair:5 2 transporters, Ezab's ghost, journeyman MiFi


   Skills:
 - Level 15.0(14.1) Fighting
   Level 5.0(4.3) Short Blades
 - Level 8.0(7.2) Polearms
 - Level 2.0(1.3) Throwing
 + Level 24.2(23.2) Dodging
 - Level 8.0(7.2) Stealth
 - Level 4.0(3.3) Shields
 O Level 27(25.8) Spellcasting
 - Level 10.0(9.2) Conjurations
 - Level 4.0(3.3) Translocations
 - Level 24.0(22.9) Ice Magic
 - Level 4.0(3.3) Poison Magic
 - Level 8.0(7.2) Evocations


You had 40 spell levels left.
You knew the following spells:

 Your Spells              Type           Power        Failure   Level
a - Apportation           Tloc           ######       1%          1
b - Blink                 Tloc           N/A          1%          2
n - Sandblast             Erth           #####.       1%          1
A - Absolute Zero         Ice            ########..   1%          9
B - Ozocubu's Refrigerat  Ice            ########..   0%          6
C - Mephitic Cloud        Conj/Pois/Air  #######.     1%          3
D - Olgreb's Toxic Radia  Pois           ######..     1%          4
E - Ignite Poison         Fire/Tmut/Pois ######..     1%          3
F - Orb of Destruction    Conj           ########..   3%          7
H - Poisonous Vapours     Pois/Air       ######       1%          2

Your spell library contained the following spells:

 Spells                   Type           Power        Failure   Level
 Fire Storm               Conj/Fire      #######...   100%        9
 Tornado                  Air            #####.....   100%        9
 Freeze                   Ice            ####         0%          1
 Magic Dart               Conj           ####         0%          1
 Searing Ray              Conj           ######       0%          2
 Frozen Ramparts          Ice            ######       0%          3
 Ozocubu's Armour         Ice            ########     0%          3
 Hailstorm                Conj/Ice       ########     0%          4
 Animate Skeleton         Necr           #####.       1%          1
 Beastly Appendage        Tmut           #####.       1%          1
 Corona                   Hex            #####..      1%          1
 Foxfire                  Conj/Fire      ####         1%          1
 Pain                     Necr           ####         1%          1
 Sting                    Tmut/Pois      ####         1%          1
 Summon Small Mammal      Summ           ####         1%          1
 Call Imp                 Summ           #####...     1%          2
 Corpse Rot               Necr/Air       N/A          1%          2
 Passwall                 Tmut/Erth      #####...     1%          2
 Slow                     Hex            #####...     1%          2
 Sublimation of Blood     Necr           #####.....   1%          2
 Wereblood                Tmut           #####...     1%          2
 Confusing Touch          Hex            #####...     1%          3
 Conjure Flame            Conj/Fire      #######.     1%          3
 Dazzling Flash           Conj/Hex       ######       1%          3
 Gell's Gravitas          Tloc           ######....   1%          3
 Inner Flame              Hex/Fire       #####...     1%          3
 Lesser Beckoning         Tloc           ######....   1%          3
 Portal Projectile        Hex/Tloc       ######       1%          3
 Spider Form              Tmut/Pois      ######....   1%          3
 Static Discharge         Conj/Air       #######.     1%          3
 Stone Arrow              Conj/Erth      ######       1%          3
 Summon Guardian Golem    Hex/Summ       #####...     1%          3
 Teleport Other           Tloc           ######..     1%          3
 Vampiric Draining        Necr           #####.....   1%          3
 Fulminant Prism          Conj/Hex       #######...   1%          4
 Ice Form                 Ice/Tmut       #######.     1%          4
 Iskenderun's Mystic Bla  Conj/Tloc      #######.     1%          4
 Passage of Golubria      Tloc           N/A          1%          4
 Sticky Flame             Conj/Fire      #######.     1%          4
 Summon Ice Beast         Ice/Summ       #######.     1%          4
 Bolt of Magma            Conj/Fire/Erth #######...   1%          5
 Fireball                 Conj/Fire      #######...   1%          5
 Irradiate                Conj/Tmut      #######...   1%          5
 Iskenderun's Battlesphe  Conj           ########     1%          5
 Metabolic Englaciation   Hex/Ice        #######...   1%          5
 Freezing Cloud           Conj/Ice/Air   ########..   1%          6
 Simulacrum               Ice/Necr       #######...   1%          6
 Conjure Ball Lightning   Conj/Air       #######...   4%          6
 Iron Shot                Conj/Erth      #######...   4%          6
 Yara's Violent Unravell  Hex/Tmut       #####.....   5%          5
 Animate Dead             Necr           #####.....   6%          4
 Cause Fear               Hex            #####.....   6%          4
 Dispel Undead            Necr           #####...     6%          4
 Petrify                  Tmut/Erth      #####...     6%          4
 Summon Lightning Spire   Summ/Air       #####...     6%          4
 Alistair's Intoxication  Tmut/Pois      ######...    9%          5
 Agony                    Necr           #####...     19%         5
 Blade Hands              Tmut           #####.....   19%         5
 Borgnjor's Vile Clutch   Necr/Erth      #####.....   19%         5
 Excruciating Wounds      Necr           #####.....   19%         5
 Silence                  Hex/Air        #####.....   19%         5
 Spellforged Servitor     Conj/Summ      #######...   21%         7
 Eringya's Noxious Bog    Tmut/Pois      ######....   45%         6
 Death Channel            Necr           #####.....   69%         6
 Hydra Form               Tmut           #####.....   69%         6
 Statue Form              Tmut/Erth      #####....    69%         6
 Chain Lightning          Conj/Air       #######...   82%         8
 Lehudib's Crystal Spear  Conj/Erth      #######...   82%         8
 Dragon Form              Tmut           #####.....   99%         7
 Haunt                    Necr/Summ      #####.....   99%         7
 Borgnjor's Revivificati  Necr           #####.....   100%        8
 Infestation              Necr           #####.....   100%        8
 Necromutation            Tmut/Necr      #####.....   100%        8
 Death's Door             Necr           #####.....   100%        9
 Dragon's Call            Summ           #####.....   100%        9
 Shatter                  Erth           #####.....   100%        9

Action                   |  1- 3 |  4- 6 |  7- 9 | 10-12 | 13-15 | 16-18 | 19-21 | 22-24 | 25-27 || total
-------------------------+-------+-------+-------+-------+-------+-------+-------+-------+-------++-------
Melee: Short sword       |   128 |     7 |       |       |       |       |       |       |       ||   135
       Dagger            |       |   136 |       |       |       |       |       |       |       ||   136
       Spear             |       |     5 |   167 |   385 |    99 |       |     1 |       |       ||   657
       Quarterstaff      |       |       |       |       |     1 |       |       |       |       ||     1
Throw: Stone             |    35 |    44 |    72 |     1 |       |       |       |       |       ||   152
       Dart              |       |    29 |       |    13 |     1 |       |       |       |       ||    43
       Boomerang         |       |    12 |    37 |   115 |       |       |       |       |       ||   164
 Cast: Mephitic Cloud    |       |       |       |    40 |     2 |       |       |       |       ||    42
       Ozocubu's Refrige |       |       |       |    48 |   505 |   382 |   163 |    81 |     4 ||  1183
       Poisonous Vapours |       |       |       |    27 |     3 |       |       |       |       ||    30
       Olgreb's Toxic Ra |       |       |       |    22 |     1 |       |       |       |       ||    23
       Ignite Poison     |       |       |       |     2 |     1 |     3 |       |       |       ||     6
       Absolute Zero     |       |       |       |       |       |    20 |   309 |   294 |    66 ||   689
       Blink             |       |       |       |       |       |     2 |       |       |     2 ||     4
       Orb of Destructio |       |       |       |       |       |     2 |       |       |       ||     2
Evoke: Wand              |       |       |    15 |     7 |     6 |    16 |     4 |       |     1 ||    49
  Use: Scroll            |     9 |     5 |     3 |     7 |     7 |    16 |     9 |     5 |     9 ||    70
       Potion            |     1 |     9 |     1 |     3 |     3 |     3 |     7 |     1 |       ||    28
 Stab: Sleeping          |    18 |     9 |    10 |    10 |     3 |       |       |       |       ||    50
       Paralysed         |       |       |     2 |     4 |       |       |       |       |       ||     6
       Distracted        |       |       |     4 |       |     1 |       |       |       |       ||     5
       Confused          |       |       |       |    39 |       |       |       |       |       ||    39
       Invisible         |       |       |       |     4 |       |       |       |       |       ||     4
Armor: Leather armour    |     9 |       |       |    45 |    44 |    32 |    14 |    12 |     8 ||   164
       Ring mail         |    40 |    23 |    34 |     3 |       |       |       |       |       ||   100
       Skin              |       |    37 |       |       |       |       |       |       |       ||    37
Dodge: Dodged            |    50 |    30 |    27 |   156 |   134 |    40 |    46 |    47 |    19 ||   549
Block: Buckler           |       |       |       |       |       |       |     4 |     8 |     7 ||    19

Skill      XL: |  1  2  3  4  5  6  7  8  9 10 11 12 13 14 15 16 17 18 19 20 21 22 23 24 25 |
---------------+----------------------------------------------------------------------------+-----
Short Blades   | 3 4 5 |  5.0
Stealth        | 7 8 |  8.0
Throwing       | 1 2 |  2.0
Fighting       | 3 4 6 8 10 11 13 15 | 15.0
Polearms       | 3 5 6 7 8 |  8.0
Evocations     | 3 5 7 8 |  8.0
Dodging        | 5 8 9 12 14 15 17 19 20 21 24 | 24.2
Ice Magic      | 3 7 8 12 15 16 17 20 23 24 | 24.0
Conjurations   | 3 5 8 10 | 10.0
Spellcasting   | 4 8 10 15 17 20 23 25 27 | 27.0
Poison Magic   | 4 |  4.0
Shields        | 1 4 |  4.0
Translocations | 4 |  4.0

Inventory:

Hand Weapons
 a - the +9 spear of the Gnat {elec, rF- Dex+7}
   (You found it on level 6 of the Dungeon)

   Occasionally, upon striking a foe, it will discharge some electrical energy
   and cause terrible harm.
   It affects your dexterity (+7).
   It makes you vulnerable to fire.
Missiles
 E - 4 throwing nets (quivered) {!f}
 U - 8 curare-tipped darts {!f}
Armour
 B - a +2 buckler of protection (worn)
 H - the +4 leather armour "Tynifoas" (worn) {+Fly MR+ MP+9}
   (You found it on level 9 of the Dungeon)

   It affects your resistance to hostile enchantments.
   It affects your magic capacity (+9).
   It lets you fly.
 L - a +2 pair of boots (worn)
 M - a +2 helmet (worn)
 O - a +2 pair of gloves of dexterity (worn)
 V - a +2 cloak of poison resistance (worn)
Magical Staves
 q - an uncursed staff of fire
 w - an uncursed staff of conjuration (weapon) {!a}
Jewellery
 b - the ring of Qaecluss (left hand) {rPois AC+4 Str+3 Int+9 Dex-5}
   (You found it on level 3 of the Spider Nest)

   [ring of protection]

   It affects your AC (+4).
   It affects your strength (+3).
   It affects your intelligence (+9).
   It affects your dexterity (-5).
   It protects you from poison.
 d - an uncursed ring of resist corrosion
 l - an uncursed ring of magical power
 m - the ring "Rues" {Wiz rC+ Int+3 Dex-3}
   (You found it in a Gauntlet)

   [ring of wizardry]

   It improves your spell success rate.
   It affects your intelligence (+3).
   It affects your dexterity (-3).
   It protects you from cold.
 p - the ring "Femad" {rElec rC++ EV+4}
   (You acquired it on level 2 of the Depths)

   [ring of evasion]

   It affects your evasion (+4).
   It greatly protects you from cold.
   It insulates you from electricity.
 C - an amulet of guardian spirit (around neck)
 G - an uncursed ring of positive energy
 T - an uncursed ring of protection from fire
 X - an uncursed ring of see invisible
 Y - a ring of protection from fire (right hand)
Wands
 g - a wand of digging (15)
 v - a wand of clouds (6)
 y - a wand of paralysis (29)
 J - a wand of enslavement (11)
 S - a wand of iceblast (44)
 W - a wand of acid (45)
Scrolls
 c - 2 scrolls of fog
 e - 17 scrolls of remove curse {@r4}
 i - 9 scrolls of holy word
 r - a scroll of summoning
 x - 17 scrolls of identify {@r3}
 z - 11 scrolls of teleportation {@r1}
 K - 2 scrolls of fear
 P - 3 scrolls of blinking {@r2}
 R - 3 scrolls of magic mapping
Potions
 f - 8 potions of haste {@q4}
 h - 3 potions of magic
 k - 2 potions of invisibility
 n - a potion of resistance
 o - 16 potions of curing {@q2}
 A - 8 potions of flight
 D - a potion of brilliance
 F - 6 potions of ambrosia
 I - 6 potions of cancellation
 N - 15 potions of heal wounds {@q1}
 Q - 4 potions of berserk rage
Miscellaneous
 s - a tin of tremorstones (3/3)
 t - 2 boxes of beasts
 u - a phial of floods
 Z - a lightning rod (4/4)

####+#######+#####
#.....).........§.
#..........)......
#...........)!d...
#.@....8..q.).)...
#Xz..○8....{§)....
#zzDz.d...........
#.qq......<.......
#...XD..............
...#######+#########+#
.


You could see a shadow dragon (catching breath), a purple draconian knight (icy
armour), a purple draconian, 3 death cobs, a purple draconian scorcher, 2
friendly tentacled monstrosities, a friendly storm dragon (summoned) and a
friendly curse toe (summoned).

Vanquished Creatures
  2 orbs of fire (Zot:1)
  3 ancient liches
  3 juggernauts
  Frederick (Depths:3)
  Margery (Depths:4)
  Saint Roka (Depths:2)
  A golden dragon (Depths:4)
  Nikola (Spider:1)
  the Enchantress (Depths:2)
  2 bone dragons (Depths:5)
  Arachne (Spider:4)
  Rupert (Lair:5)
  6 tentacled monstrosities
  10 liches
  The ghost of Remur the Imperceptible, an adept SpEn of Okawaru (Depths:2)
  The ghost of p0werm0de the Champion of Chaos, an adept DDFi of Makhleb (Depths:1)
  6 titans (Vaults:5)
  A quicksilver dragon (Vaults:5)
  Polyphemus (Shoals:4)
  A kraken (Shoals:3)
  4 shadow dragons
  A death cob (Zot:2)
  5 sphinxes
  Frances (D:13)
  Agnes (Spider:4)
  8 tengu reavers
  6 storm dragons
  The ghost of Wahll the Thaumaturge, an adept GnCj of Qazlal (Spider:2)
  8 fire giants
  19 vault wardens
  18 frost giants
  A fire giant (shapeshifter) (Vaults:5)
  2 draconian scorchers
  3 iron dragons
  3 emperor scorpions (Spider:4)
  5 ghost moths
  2 deep elf sorcerers (Vaults:5)
  14 ironheart preservers
  A draconian annihilator (Depths:1)
  2 deep elf elementalists (Vaults:5)
  A draconian shifter (Zot:2)
  3 spriggan defenders (Depths:2)
  3 war gargoyles (Vaults:5)
  14 very ugly things
  7 entropy weavers
  4 green draconians
  24 stone giants
  7 vampire knights
  3 deep elf demonologists
  Azrael (Spider:2)
  2 red draconians
  A purple draconian (Zot:1)
  A minotaur (Gauntlet)
  3 black draconians
  10 spark wasps
  A deep elf annihilator (Vaults:5)
  2 yellow draconians
  A green death (Gauntlet)
  4 merfolk javelineers
  12 ettins
  Josephine (D:10)
  A deep elf death mage (Vaults:3)
  2 deep elf high priests (Depths:4)
  10 merfolk impalers
  A fire dragon (shapeshifter) (Vaults:5)
  6 fire dragons
  33 vault guards
  15 yaktaur captains
  5 great orbs of eyes
  7 rakshasas
  Erolcha (D:13)
  12 ice dragons
  2 merfolk avatars
  6 spriggan air magi
  2 hell beasts
  12 hydras
  59 two-headed ogres
  21 ogre magi
  A queen ant (Lair:3)
  2 merfolk aquamancers (Shoals:4)
  2 catoblepae
  12 centaur warriors
  4 satyrs
  2 death knights (Vaults:3)
  11 deep troll shamans
  An alligator (Shoals:4)
  6 tengu warriors
  Urug (D:10)
  2 dancing weapons
  10 deep elf knights
  A vampire mage (Depths:1)
  2 spriggan berserkers
  7 deep troll earth magi
  7 death yaks
  Sonja (D:11)
  5 iron trolls
  16 hell knights
  A shock serpent (shapeshifter) (Vaults:2)
  14 skeletal warriors
  A sea snake (shapeshifter) (Depths:3)
  A fire crab (shapeshifter) (Vaults:4)
  A torturous demonspawn (Depths:2)
  16 sea snakes
  12 unseen horrors
  5 wizards
  2 glowing orange brains
  3 flayed ghosts
  26 deep trolls
  12 orc knights
  5 phantasmal warriors
  A harpy (shapeshifter) (Vaults:1)
  9 deep elf archers
  15 ironbrand convokers
  An orange crystal statue (Depths:3)
  2 wolf spider zombies
  6 harpies
  31 orb spiders
  9 oklob plants
  15 deep elf magi
  12 necromancers
  16 manticores
  4 orc sorcerers
  56 ugly things
  29 wolf spiders
  12 cyclopes
  A manticore (shapeshifter) (Vaults:2)
  5 moths of wrath
  9 human skeletons (Vaults:2)
  34 slime creatures
  A tengu skeleton (Vaults:5)
  12 fauns
  4 torpor snails
  Joseph (D:10)
  A sphinx skeleton (Vaults:2)
  5 black mambas
  8 merfolk sirens
  A frost giant skeleton (Vaults:5)
  2 stone giant skeletons
  11 vault sentinels
  An eye of devastation (shapeshifter) (Vaults:5)
  2 gargoyles
  5 centaur skeletons
  4 water nymphs
  A yaktaur zombie (Vaults:2)
  An orange demon (Depths:3)
  20 cane toads
  3 human zombies
  53 yaktaurs
  A hellion (Depths:3)
  11 demonic crawlers
  6 komodo dragons
  4 kobold demonologists
  A komodo dragon (shapeshifter) (Vaults:2)
  5 tengu conjurers
  A yaktaur skeleton (Vaults:2)
  6 freezing wraiths
  2 hellwings
  A tormentor (Depths:2)
  7 trolls
  4 red devils
  A wind drake (shapeshifter) (Vaults:2)
  4 polar bears
  12 merfolk
  A meliai (shapeshifter) (D:15)
  44 jumping spiders
  3 meliai (D:14)
  7 wind drakes
  A sphinx simulacrum (Vaults:1)
  A hornet (shapeshifter) (Vaults:1)
  4 tyrant leeches (Lair:6)
  3 small abominations (Depths:4)
  18 hippogriffs
  13 hornets
  23 blink frogs
  A blink frog (shapeshifter) (D:14)
  13 dream sheep
  6 snapping turtles
  A snapping turtle (shapeshifter) (Vaults:5)
  3 spriggans (Depths:2)
  104 redbacks
  A centaur simulacrum (D:15)
  2 shadows
  37 tarantellas
  An ettin skeleton (Vaults:5)
  Sigmund (D:5)
  19 water elementals
  A wyvern (shapeshifter) (Vaults:1)
  52 yaks
  2 vampires
  A redback (shapeshifter) (Depths:4)
  6 wraiths
  4 wyverns
  A yak (shapeshifter) (Depths:2)
  4 large abominations (Depths:4)
  4 fire elementals (Spider:2)
  8 vampire mosquitoes
  A basilisk (shapeshifter) (Vaults:3)
  6 basilisks
  4 chaos spawn
  A yaktaur simulacrum (Vaults:3)
  A steam dragon (D:13)
  6 acid dragons
  20 soldier ants (Lair:3)
  Edmund (D:5)
  4 wargs
  3 hell hounds (Spider:2)
  A porcupine (shapeshifter) (Vaults:3)
  15 water moccasins
  8 porcupines
  50 orc warriors
  An ice beast (D:15)
  3 necrophages
  4 sky beasts
  2 eyes of draining
  5 black bears
  4 phantoms
  21 boggarts
  9 wolves
  54 ogres
  27 centaurs
  An orc skeleton (Vaults:1)
  An elf skeleton (Vaults:1)
  6 big kobolds
  7 crocodiles
  30 bullfrogs
  A wyvern zombie (D:14)
  A scorpion (shapeshifter) (Vaults:1)
  2 scorpions
  A wight (D:10)
  3 howler monkeys
  2 vampire bats (D:3)
  3 electric eels
  6 centaur zombies
  3 bullfrog zombies
  2 quasits (Depths:3)
  An iron imp (Depths:3)
  2 jellies (D:12)
  A gnoll shaman (Orc:1)
  5 hounds
  21 orc priests
  25 orc wizards
  4 iguanas
  22 worker ants
  A hound zombie (D:11)
  A hound skeleton (D:7)
  4 mummies (Ossuary)
  2 howler monkey skeletons
  7 gnolls
  15 adders
  A river rat (D:5)
  9 shadow imps
  7 white imps
  4 ufetubi
  An ooze (D:5)
  2 adder skeletons
  2 worms (D:3)
  5 leopard geckos
  98 orcs
  14 bats
  8 giant cockroaches
  8 goblins
  11 hobgoblins
  18 jackals
  19 kobolds
  3 quokkas
  2 ball pythons
  A frilled lizard (shapeshifter) (Vaults:5)
  3 frilled lizards
  5 hobgoblin zombies (Ossuary)
  A quokka zombie (D:5)
  9 rats
  A bush (Lair:6)
  2 butterflies
  35 fungi
  219 plants
2420 creatures vanquished.

Vanquished Creatures (others)
  An unseen horror (D:14)
  A glowing orange brain (Depths:3)
  651 blocks of ice
  A bush (Lair:6)
  20 fungi
  51 plants
725 creatures vanquished.

Grand Total: 3145 creatures vanquished

Levels and vault maps discovered:
D:1:      dpeg_arrival_rooms_b, layout_basic
D:2:      layout_rooms
D:3:      minmay_skewed_foursquare, layout_basic, lemuel_round_altar,
          minmay_misc_feat_columns, roderic_batcave, minmay_crystal_room
D:4:      kennysheep_spiral_hall, layout_loops_ring
D:5:      layout_basic, minmay_temple_entry_butterflies, portal_sewer_entry_a,
          serial_shops, nicolae_shop_trees, uniq_sigmund, uniq_edmund
D:6:      layout_rooms, serial_shops, nicolae_shop_window_shopping,
          nicolae_ossuary_entry_plus
D:7:      layout_loops_cross
D:8:      layout_loops_ring, serial_shops, shop
D:9:      layout_basic, orc_0_dummy
D:10:     layout_roguey, erik_lair_dragon, minmay_the_grid_2x2
          [minmay_the_grid_box_x, minmay_the_grid_aliased_spiral,
          minmay_the_grid_stretched_grid, minmay_the_grid_prize_diamond_cup],
          uniq_joseph, uniq_urug, uniq_josephine
D:11:     layout_cave_pools, uniq_sonja
D:12:     layout_rooms
D:13:     layout_basic, uniq_erolcha, uniq_frances
D:14:     layout_gridville, lightli_vaults_fourway_checkpoint,
          hangedman_abyss_or_decor_stabs, gauntlet_entry_generic, tgw_fedhas
D:15:     hangedman_depths_entry_civil_slaughter, layout_stronghold,
          minmay_misc_feat_pillars, grunt_ministairs_4, kennysheep_pointless_box
Temple:   nicolae_temple_the_god_donut
Lair:1:   layout_regular_city, basic_altar, lemuel_fruit_fields,
          grunt_megastairs_2
Lair:2:   beast_lair_carwin_large_2, layout_loops_ring
Lair:3:   layout_chaotic_city, elwin_shoals_entry_rooms, minivault_29
Lair:4:   layout_loops_ring, spider_nest_entry_a, dpeg_stationary_puzzle,
          grunt_megastairs_4, lemuel_fruit_fields
Lair:5:   layout_cave_shapes, minmay_slime_entry_oklob_open,
          gammafunk_ghost_wrathful_warriors, infiniplex_staircase_pool_2,
          minmay_lair_oklob_chamber, uniq_rupert
Lair:6:   minmay_lair_end_frog_pond, layout_cellular_growth, lemuel_oklob_altar,
          serial_bayou_shore_b
Shoals:1: layout_shoals, serial_shops, shop, nicolae_shop_waterfront, shop,
          shop, nicolae_shop_overgrown_old_shop
Shoals:2: layout_shoals
Shoals:3: layout_shoals
Shoals:4: shoals_end_grunt_ice, layout_shoals,
          nicolae_shoals_siren_and_animal_friends, uniq_polyphemus
Spider:1: layout_spider_delve, uniq_nikola
Spider:2: layout_spider_delve, ebering_ghost_xom, uniq_azrael
Spider:3: gammafunk_its_a_trap, nicolae_orb_island
Spider:4: spider_rune_water, nicolae_spider_webbed_stairs, uniq_arachne,
          uniq_agnes
Orc:1:    layout_diamond_mine, basic_altar, mines4_lemuel
Orc:2:    st_orc_rangers, layout_diamond_mine, serial_shops,
          nicolae_shop_statue_plus, mines2_david
Vaults:1: hangedman_vaults_slice, vaults_room_door_ring,
          nicolae_vaults_quartermaster, v_alt_pattern_3, v_alt_pattern_5,
          hangedman_vaults_hat, v_rooms_5, grunt_vaults_twisty,
          nicolae_vaults_little_squares_2, layout_vaults_omnigrid
Vaults:2: nicolae_vaults_triangles, v_misc_17, nicolae_vaults_network_star,
          hangedman_vaults_nails, hangedman_vaults_variations,
          dpeg_vaults_monster_row, vaults_room_corners, nicolae_vaults_asterisk,
          layout_vaults_ring, minmay_crypt_entry_skeletal_spiral
Vaults:3: hangedman_vaults_capsules, nicolae_vaults_circle_grid_b,
          nicolae_vaults_ninety_degrees, v_misc_32, v_alt_pattern_6,
          vaults_room_pool, vaults_room_pools, nicolae_vaults_circle_grid_b,
          v_alt_pattern_3, vaults_room_pools, layout_vaults_big_room,
          serial_shops, shop
Vaults:4: nicolae_vaults_network_barrier, nicolae_vaults_shelves_hall, v_misc_1,
          ontoclasm_vaults_bender, hangedman_vaults_stretched_pinwheel,
          vaults_mumra_hex, v_misc_10, nicolae_vaults_angled_halls,
          ontoclasm_vaults_decontamination, vaults_mumra_chevron_long,
          ontoclasm_vaults_ring_small, layout_vaults_omnibox, serial_shops,
          nicolae_shop_temple_entry_statues_fountains
Vaults:5: serial_shops
Depths:1: layout_cave_pools, grunt_mini_vestibule, hangedman_decor_lopped,
          abyss_entry_crystal, ebering_ghost_xom, minmay_misc_feat_chi,
          kennysheep_flooded_box, grunt_absolute_annihilation, firewood_loft
Depths:2: minmay_octo_star, layout_basic, hell_entry, minmay_strange_pillars,
          rand_demon_pan_entry_3, ebering_ghost_reflecting_pool,
          uniq_saint_roka, uniq_enchantress
Depths:3: grated_community_mu [grated_community_mu_vampire_home,
          grated_community_mu_giant_home, grated_community_mu_spellcaster_home,
          grated_community_mu_orcish_home, grated_community_mu_troll_home,
          grated_community_mu_taur_home, grated_community_mu_unbuilt_plot],
          layout_cave_pools, grunt_pan_entry_in_and_out, special_room
          [special_room_mythical_zoo], hangedman_tar_grid_catacomb,
          grunt_decor_one_mirror, horrible_house_mu, uniq_frederick
Depths:4: minmay_broken_ring, layout_cave_pools, enter_ziggurat_b,
          minmay_room_of_horrors, pan_entry, hell_entry, drop_trap,
          grunt_ministairs_9, minmay_staircase_windowed_small, uniq_margery
Depths:5: evilmike_zot_entry_basic, layout_honeycomb, hell_entry, abyss_entry,
          serial_sigils, serial_sigils_hangedman_clutch,
          serial_sigils_hangedman_gnaw, serial_sigils_hangedman_snap,
          serial_sigils_hangedman_scratch, serial_sigils_hangedman_shear,
          serial_bayou_shore_b
Zot:1:    layout_onion, hangedman_zot_gyre, lemuel_lake_of_fire,
          grunt_megastairs_3
Zot:2:    kennysheep_room_grid, layout_gridlike


Message History

The death cob completely misses you.
The death cob hits your tentacled monstrosity.
The death cob drains your tentacled monstrosity's vigour!
Your tentacled monstrosity seems to slow down.
The death cob struggles to escape constriction.
The death cob hits you!!
* * * LOW HITPOINT WARNING * * *
A bolt of lightning appears from out of your range of vision.
The bolt of lightning hits your tentacled monstrosity!
Your tentacled monstrosity resists.
The bolt of lightning hits your storm dragon.
Your storm dragon completely resists.
Your storm dragon completely misses the purple draconian scorcher.
Your storm dragon claws the purple draconian scorcher.
Your storm dragon tramples the purple draconian scorcher but does no damage.
The death cob completely misses your tentacled monstrosity.
The shadow dragon breathes negative energy at you.
The bolt of negative energy misses the death cob.
The bolt of negative energy hits you!!!
You feel drained.
You die...

Notes
Turn   | Place    | Note
-------+----------+-------------------------------------------
     0 | D:5      | bmfx the Deep Elf Delver began the quest for the Orb.
     0 | D:5      | Reached XP level 1. HP: 13/13 MP: 3/3
   129 | D:4      | Got a heavily runed ring mail
   521 | D:4      | Noticed an ogre
   740 | D:3      | Found a blossoming altar of Fedhas.
   798 | D:2      | Reached XP level 2. HP: 18/18 MP: 4/4
   952 | D:1      | Identified the +5 ring mail of Whack-A-Mole {Harm rC-
                  | Slay+3 Stlth+} (You found it on level 4 of the Dungeon)
  1305 | D:1      | Reached XP level 3. HP: 22/22 MP: 5/5
  2477 | D:3      | Reached XP level 4. HP: 27/27 MP: 6/6
  2492 | D:3      | Reached skill level 1 in Throwing
  2495 | D:3      | Reached XP level 5. HP: 31/31 MP: 7/7
  3921 | D:5      | Found Afotugac's Armour Shoppe.
  3951 | D:5      | Noticed Sigmund
  4095 | D:5      | Found a staircase to the Ecumenical Temple.
  4177 | D:5      | Reached XP level 6. HP: 36/36 MP: 8/8
  4182 | Temple   | Entered the Ecumenical Temple
  4213 | Temple   | Became a worshipper of Vehumet
  4549 | D:5      | Noticed a sky beast
  4592 | D:5      | Noticed Edmund
  4656 | D:6      | Found a sand-covered staircase.
  4662 | Ossuary  | Entered an ossuary
  4751 | Ossuary  | HP: 2/55 [centaur zombie (5)]
  4762 | Ossuary  | Reached skill level 5 in Short Blades
  5223 | D:6      | Found Jaazemp's Weapon Boutique.
  5234 | D:6      | Got a transparent spear
  5236 | D:6      | Identified the +9 spear of the Gnat {elec, rF- Dex+7} (You
                  | found it on level 6 of the Dungeon)
  5483 | D:5      | Bought a +2 cloak for 231 gold pieces
  5617 | D:6      | Reached XP level 7. HP: 41/41 MP: 9/9
  5737 | D:7      | Reached skill level 1 in Polearms
  5773 | D:7      | Reached skill level 1 in Evocations
  5889 | D:7      | Reached * piety under Vehumet
  5889 | D:7      | Offered knowledge of Magic Dart by Vehumet.
  6330 | D:7      | Reached XP level 8. HP: 47/47 MP: 10/10
  6768 | D:8      | Reached skill level 5 in Evocations
  6993 | D:8      | Found Oprunlyl's Weapon Shop.
  7044 | D:8      | Offered knowledge of Sandblast by Vehumet.
  7047 | D:8      | Learned a level 1 spell: Sandblast
  7677 | D:9      | Reached ** piety under Vehumet
  7708 | D:9      | Found a staircase to the Orcish Mines.
  7713 | D:9      | Got a warped leather armour
  7740 | D:9      | Reached skill level 5 in Polearms
  7845 | D:9      | Reached XP level 9. HP: 42/52 MP: 11/11
  8233 | D:9      | Identified the +4 leather armour "Tynifoas" {+Fly MR+ MP+9}
                  | (You found it on level 9 of the Dungeon)
  8490 | D:3      | Reached skill level 5 in Fighting
  9274 | D:5      | Learned a level 4 spell: Ice Form
  9452 | D:5      | Reached skill level 1 in Ice Magic
  9815 | D:6      | Offered knowledge of Mephitic Cloud by Vehumet.
  9820 | D:6      | Learned a level 3 spell: Mephitic Cloud
  9945 | D:10     | Entered Level 10 of the Dungeon
  9950 | D:10     | Reached skill level 1 in Conjurations
 10019 | D:10     | Noticed a two-headed ogre
 10267 | D:10     | Noticed Urug
 10328 | D:10     | Reached *** piety under Vehumet
 10328 | D:10     | Reached skill level 5 in Dodging
 10388 | D:11     | Noticed Sonja
 10394 | D:11     | Reached XP level 10. HP: 60/60 MP: 11/13
 10435 | D:11     | Reached skill level 1 in Spellcasting
 10665 | D:11     | Reached skill level 2 in Spellcasting
 10679 | D:11     | Noticed a green ugly thing
 10885 | D:8      | Found Oprunlyl's Weapon Shop.
 11301 | D:5      | Killed Edmund
 11301 | D:5      | Reached skill level 3 in Spellcasting
 11375 | D:5      | Killed Sigmund
 11474 | D:10     | Killed a two-headed ogre
 11474 | D:10     | Reached skill level 4 in Spellcasting
 11528 | D:10     | Killed Urug
 11528 | D:10     | Reached skill level 5 in Conjurations
 11528 | D:10     | Reached skill level 5 in Ice Magic
 11654 | D:10     | You fall into a shaft and drop 2 floors!
 11750 | D:11     | Noticed a seven-headed hydra
 11843 | D:10     | Noticed Josephine
 11871 | D:10     | Killed Josephine
 11871 | D:10     | Offered knowledge of Inner Flame by Vehumet.
 11911 | D:10     | Noticed a purple ugly thing
 11927 | D:10     | Noticed a deep elf knight
 11936 | D:10     | Noticed an ettin
 12050 | D:10     | Reached XP level 11. HP: 62/64 MP: 19/19
 12179 | D:10     | Noticed Joseph
 12207 | D:10     | Killed Joseph
 12287 | D:10     | Found a staircase to the Lair.
 12333 | Lair:1   | Entered Level 1 of the Lair of Beasts
 12385 | Lair:1   | Found a hide-covered altar of Uskayaw.
 12555 | Lair:1   | Reached **** piety under Vehumet
 12575 | Lair:1   | Offered knowledge of Olgreb's Toxic Radiance by Vehumet.
 12581 | Lair:1   | Learned a level 4 spell: Olgreb's Toxic Radiance
 12671 | Lair:1   | Reached skill level 1 in Poison Magic
 13853 | Lair:2   | Reached XP level 12. HP: 73/73 MP: 20/20
 13921 | Lair:2   | Learned a level 2 spell: Poisonous Vapours
 13925 | Lair:2   | Learned a level 3 spell: Ignite Poison
 14468 | Lair:3   | Reached skill level 5 in Spellcasting
 14645 | Lair:3   | Noticed an eight-headed hydra
 14700 | Lair:3   | Found a staircase to the Shoals.
 14714 | Lair:3   | Reached skill level 6 in Spellcasting
 14979 | Lair:3   | Noticed a queen ant
 14982 | Lair:3   | Reached skill level 7 in Spellcasting
 14982 | Lair:3   | Reached ***** piety under Vehumet
 14982 | Lair:3   | Offered knowledge of Ozocubu's Refrigeration by Vehumet.
 14987 | Lair:3   | Reached skill level 8 in Spellcasting
 14992 | Lair:3   | Killed a queen ant
 15001 | Lair:3   | Learned a level 6 spell: Ozocubu's Refrigeration
 15747 | Lair:3   | Killed an eight-headed hydra
 15827 | Lair:3   | Learned a level 2 spell: Blink
 15935 | Lair:4   | Reached skill level 10 in Ice Magic
 16729 | Lair:4   | Got a twisted quarterstaff
 16730 | Lair:4   | Identified the +9 quarterstaff "Ugusoshen" {elec, rN+ SInv
                  | Stlth+} (You found it on level 4 of the Lair of Beasts)
 16744 | Lair:4   | Found a hole to the Spider Nest.
 17246 | Lair:5   | Reached XP level 13. HP: 78/78 MP: 27/27
 17581 | Lair:5   | Noticed Rupert
 17822 | Lair:5   | Found a staircase to the Slime Pits.
 17972 | Lair:5   | Found a transporter.
 17983 | Lair:5   | Found a transporter.
 17983 | Lair:5   | Noticed Ezab's ghost (journeyman MiFi)
 17986 | Lair:5   | Identified the cursed +0 demon trident of Pohamaxu {vamp,
                  | *Corrode rC+ rN+}
 17987 | Lair:5   | Found a bloodstained altar of Trog.
 18031 | Lair:6   | Entered Level 6 of the Lair of Beasts
 18115 | Lair:6   | Offered knowledge of Hailstorm by Vehumet.
 19398 | Lair:6   | Reached skill level 9 in Spellcasting
 19399 | Lair:6   | Reached skill level 15 in Ice Magic
 20127 | Lair:6   | Found a blossoming altar of Fedhas.
 20130 | Lair:6   | Reached skill level 10 in Spellcasting
 20130 | Lair:6   | Reached XP level 14. HP: 72/84 MP: 23/30
 20518 | Lair:6   | Reached skill level 10 in Dodging
 20741 | D:10     | Found a staircase to the Lair.
 21593 | D:10     | Found a staircase to the Lair.
 21630 | D:10     | Found a staircase to the Lair.
 22324 | D:11     | Reached skill level 11 in Spellcasting
 22553 | D:11     | Killed Sonja
 23242 | D:12     | Offered knowledge of Conjure Ball Lightning by Vehumet.
 24188 | D:13     | Reached skill level 12 in Spellcasting
 24526 | D:13     | Noticed Frances
 24532 | D:13     | Killed Frances
 25268 | D:13     | Noticed Erolcha
 25278 | D:13     | Killed Erolcha
 25278 | D:13     | Reached skill level 13 in Spellcasting
 25812 | D:14     | Found a gate leading to a gauntlet.
 25820 | Gauntlet | Entered a Gauntlet
 25820 | Gauntlet | Found a transporter.
 25833 | Gauntlet | Found a runed translucent door.
 25835 | Gauntlet | Found a transporter.
 25837 | Gauntlet | Found a runed translucent door.
 25847 | Gauntlet | Found a transporter.
 25851 | Gauntlet | Found a transporter.
 25871 | Gauntlet | Found a transporter.
 25884 | Gauntlet | Found a transporter.
 25888 | Gauntlet | Found a transporter.
 25892 | Gauntlet | Found a transporter.
 25915 | Gauntlet | Found a transporter.
 25920 | Gauntlet | Found a transporter.
 25924 | Gauntlet | Found a transporter.
 25936 | Gauntlet | Found a transporter.
 26017 | Gauntlet | Reached skill level 14 in Spellcasting
 26125 | Gauntlet | Offered knowledge of Starburst by Vehumet.
 26151 | Gauntlet | Got a flickering steel ring
 26161 | Gauntlet | Identified the ring "Rues" {Wiz rC+ Int+3 Dex-3} (You found
                  | it in a Gauntlet)
 26269 | Gauntlet | Identified the Disquisition on Ensnaring Toxins
 26499 | D:14     | Found a gate to the Vaults.
 26504 | D:14     | Reached skill level 15 in Spellcasting
 26505 | D:14     | Reached XP level 15. HP: 88/88 MP: 36/36
 27222 | D:15     | Entered Level 15 of the Dungeon
 27914 | D:15     | Found a staircase to the Depths.
 28667 | Orc:1    | Entered Level 1 of the Orcish Mines
 28844 | Orc:2    | Entered Level 2 of the Orcish Mines
 28852 | Orc:2    | Offered knowledge of Orb of Destruction by Vehumet.
 28863 | Orc:2    | Learned a level 7 spell: Orb of Destruction
 29516 | Orc:2    | Found Imyonek's Book Emporium.
 29524 | Orc:2    | Bought Wedoges's Reference Book on Venom and Stones for 781
                  | gold pieces
 29846 | Orc:2    | Found Xenac's Gadget Shoppe.
 29846 | Orc:2    | Found Niekargh's Gadget Shop.
 29850 | Orc:2    | Found Wizasafo's Distillery.
 29852 | Orc:2    | Found Rujivoura's Antique Weapon Emporium.
 29856 | Orc:2    | Bought a wand of acid (8) for 288 gold pieces
 29857 | Orc:2    | Bought a wand of acid (11) for 480 gold pieces
 29867 | Orc:2    | Bought a potion of heal wounds for 85 gold pieces
 29867 | Orc:2    | Bought a potion of magic for 136 gold pieces
 29938 | Orc:2    | Offered knowledge of Iron Shot by Vehumet.
 30164 | Orc:2    | Found a roughly hewn altar of Beogh.
 30169 | Orc:2    | Found a staircase to the Elven Halls.
 30978 | Orc:1    | Found a radiant altar of Vehumet.
 31112 | Orc:2    | Learned a level 6 spell: Iron Shot
 31345 | Spider:1 | Entered Level 1 of the Spider Nest
 31451 | Spider:1 | Reached ****** piety under Vehumet
 31835 | Lair:4   | Found a hole to the Spider Nest.
 32236 | Lair:4   | Noticed a ghost moth
 32259 | Lair:4   | Killed a ghost moth
 32559 | Spider:1 | Offered knowledge of Chain Lightning by Vehumet.
 32687 | Spider:1 | Reached XP level 16. HP: 95/95 MP: 37/37
 32961 | Spider:1 | Noticed Nikola
 32969 | Spider:1 | Killed Nikola
 33626 | Spider:2 | Reached skill level 15 in Dodging
 33687 | Spider:2 | Identified the cursed +1 ring mail of Hospitality {Str+4}
                  | (You found it on level 2 of the Spider Nest)
 33902 | Spider:2 | Noticed Azrael
 33905 | Spider:2 | Killed Azrael
 33905 | Spider:2 | Reached skill level 10 in Conjurations
 34422 | Spider:2 | Found a runed translucent door.
 34422 | Spider:2 | Found a shimmering altar of Xom.
 34422 | Spider:2 | Noticed Wahll's ghost (adept GnCj)
 34595 | Spider:2 | Identified a scroll of acquirement
 34596 | Spider:2 | Acquired 630 gold pieces
 34845 | Spider:2 | Identified the cursed +3 scythe "Lofesh" {chaos, MR+}
 35225 | Spider:3 | Found a transporter.
 35488 | Spider:3 | Reached skill level 10 in Fighting
 35564 | Spider:3 | Offered knowledge of Fire Storm by Vehumet.
 35564 | Spider:3 | Offered knowledge of Tornado by Vehumet.
 35564 | Spider:3 | Offered knowledge of Absolute Zero by Vehumet.
 35721 | Spider:2 | Learned a level 9 spell: Absolute Zero
 35918 | Spider:3 | Reached XP level 17. HP: 103/103 MP: 38/38
 36132 | Spider:3 | Found a transporter.
 36263 | Spider:3 | Identified the ring of Qaecluss {rPois AC+4 Str+3 Int+9
                  | Dex-5} (You found it on level 3 of the Spider Nest)
 36278 | Spider:3 | Identified the amulet of the Fool {Regen+ Str+4 Int-5} (You
                  | found it on level 3 of the Spider Nest)
 36320 | Spider:4 | Entered Level 4 of the Spider Nest
 36322 | Spider:4 | Noticed Agnes
 36326 | Spider:4 | Killed Agnes
 37017 | Spider:4 | Reached XP level 18. HP: 108/108 MP: 39/39
 37988 | Spider:4 | Noticed Arachne
 38159 | Spider:4 | Killed Arachne
 38902 | Spider:4 | Got a gossamer rune of Zot
 39810 | D:14     | Found a blossoming altar of Fedhas.
 40209 | Lair:5   | Killed Rupert
 40641 | Spider:2 | Killed Wahll's ghost
 40682 | Spider:2 | Identified Jalatoerph's Compendium of Mutagenic Dark Arts
 40797 | Shoals:1 | Entered Level 1 of the Shoals
 40797 | Shoals:1 | Found Kaudunopp's Antique Weapon Emporium.
 40887 | Shoals:1 | Found Cyoph's General Store.
 40937 | Shoals:1 | Bought a scroll of blinking for 97 gold pieces
 40937 | Shoals:1 | Bought a scroll of fog for 26 gold pieces
 41108 | Shoals:1 | Found Idut's Armour Emporium.
 41301 | Shoals:1 | Found Wateb's Weapon Shop.
 41306 | Shoals:1 | Found Duennad's Assorted Antiques.
 41315 | Shoals:1 | Bought a sparkling lead ring for 140 gold pieces
 41315 | Shoals:1 | Bought a twisted gold wand for 112 gold pieces
 41315 | Shoals:1 | Bought an embroidered robe for 103 gold pieces
 41315 | Shoals:1 | Bought a scroll of blinking for 210 gold pieces
 41315 | Shoals:1 | Identified the ring "Dirife" {Str+6 Int+2} (You bought it
                  | in a shop on level 1 of the Shoals)
 44078 | Shoals:4 | Entered Level 4 of the Shoals
 44216 | Shoals:4 | Reached skill level 1 in Shields
 44217 | Shoals:4 | Reached XP level 19. HP: 108/113 MP: 33/40
 44238 | Shoals:4 | Noticed Polyphemus
 44440 | Shoals:4 | Killed Polyphemus
 44664 | Shoals:4 | Got a barnacled rune of Zot
 46070 | Vaults:1 | Entered Level 1 of the Vaults
 49199 | Vaults:2 | Reached XP level 20. HP: 119/119 MP: 26/41
 50843 | Vaults:2 | Reached skill level 16 in Spellcasting
 51177 | Vaults:2 | You fall into a shaft and drop 2 floors!
 51515 | Vaults:4 | Identified the +1 scale mail "Nicupny" {rC+ MP+9} (You
                  | found it on level 4 of the Vaults)
 52106 | Vaults:4 | Reached skill level 17 in Spellcasting
 52736 | Vaults:4 | Found Ruam's General Store.
 52743 | Vaults:4 | Bought a scroll of fog for 30 gold pieces
 52765 | Vaults:4 | Identified the +2 leather armour "Tepp" {rPois Str+5} (You
                  | found it on level 4 of the Vaults)
 52906 | Vaults:4 | Reached XP level 21. HP: 123/123 MP: 33/44
 53926 | Vaults:2 | Found a staircase to the Crypt.
 54537 | Vaults:3 | Reached skill level 18 in Spellcasting
 54931 | Vaults:3 | Found Eptaqenk's Distillery.
 54949 | Vaults:3 | Bought a potion of heal wounds for 85 gold pieces
 54949 | Vaults:3 | Bought a potion of haste for 170 gold pieces
 54949 | Vaults:3 | Bought a potion of ambrosia for 136 gold pieces
 54949 | Vaults:3 | Bought a potion of invisibility for 136 gold pieces
 56000 | Depths:1 | Entered Level 1 of the Depths
 56058 | Depths:1 | Reached skill level 19 in Spellcasting
 56212 | Depths:1 | Found a runed translucent door.
 56212 | Depths:1 | Found a shimmering altar of Xom.
 56212 | Depths:1 | Noticed p0werm0de's ghost (adept DDFi)
 56215 | Depths:1 | Killed p0werm0de's ghost
 56795 | Depths:1 | Found a burning altar of Makhleb.
 57402 | Depths:1 | Found a runed translucent door.
 57407 | Depths:1 | Found a radiant altar of Vehumet.
 57407 | Depths:1 | Noticed an ancient lich
 57412 | Depths:1 | Killed an ancient lich
 57412 | Depths:1 | Reached skill level 20 in Spellcasting
 57463 | Depths:1 | Identified Lahup's Reference Book on Confrontation
 57561 | Depths:1 | Found a gateway to Hell.
 57572 | Depths:1 | Reached XP level 22. HP: 128/128 MP: 20/48
 57826 | Depths:1 | Found a one-way gate to the infinite horrors of the Abyss.
 58017 | Depths:2 | Noticed the Enchantress
 58022 | Depths:2 | Killed the Enchantress
 58403 | Depths:2 | Noticed a juggernaut
 58404 | Depths:2 | Killed a juggernaut
 58404 | Depths:2 | Reached skill level 21 in Spellcasting
 58790 | Depths:2 | Reached skill level 22 in Spellcasting
 58909 | Depths:2 | Acquired the ring "Femad" {rElec rC++ EV+4}
 58939 | Depths:2 | Noticed Saint Roka
 58946 | Depths:2 | Killed Saint Roka
 59510 | Depths:2 | Found a one-way gate leading to the halls of Pandemonium.
 59710 | Depths:2 | Found a runed translucent door.
 59713 | Depths:2 | Noticed Remur's ghost (adept SpEn)
 59854 | Depths:2 | Reached skill level 23 in Spellcasting
 60262 | Depths:2 | Killed Remur's ghost
 60873 | Depths:3 | Reached XP level 23. HP: 135/135 MP: 4/52
 61031 | Depths:3 | Identified the ring "Rateac" {rElec rPois MP+9 Int-4 SInv}
 61298 | Depths:3 | Noticed Frederick
 61299 | Depths:3 | Killed Frederick
 61424 | Depths:3 | Reached skill level 24 in Spellcasting
 62185 | Depths:3 | Identified Jetisu's Reference Book on Displaced Moulding
 63049 | Depths:4 | Noticed Margery
 63055 | Depths:4 | Killed Margery
 63511 | Depths:4 | Noticed a juggernaut
 63513 | Depths:4 | Killed a juggernaut
 63609 | Depths:4 | Found a gateway to a ziggurat.
 63855 | Depths:4 | Identified the +2 robe "Guiskass" {Str+9} (You found it on
                  | level 4 of the Depths)
 63924 | Depths:4 | Reached skill level 25 in Spellcasting
 63925 | Depths:4 | Noticed a juggernaut
 63957 | Depths:4 | Killed a juggernaut
 64421 | Depths:5 | Entered Level 5 of the Depths
 64693 | Depths:5 | Reached XP level 24. HP: 147/147 MP: 30/54
 65403 | Depths:5 | Reached skill level 26 in Spellcasting
 65772 | Depths:5 | Found a gate to the Realm of Zot.
 66278 | Vaults:5 | Entered Level 5 of the Vaults
 66282 | Vaults:5 | Noticed an ancient lich
 66287 | Vaults:5 | Killed an ancient lich
 66405 | Vaults:5 | Reached skill level 15 in Fighting
 66633 | Vaults:5 | Reached skill level 27 in Spellcasting
 66634 | Vaults:5 | Reached skill level 1 in Translocations
 66639 | Vaults:4 | Learned a level 1 spell: Apportation
 67089 | Vaults:5 | Reached XP level 25. HP: 152/155 MP: 41/56
 67132 | Vaults:5 | Identified the +4 mace "Sarcophage" {protect, +Fly rC+}
 67139 | Vaults:5 | Noticed an ancient lich
 67142 | Vaults:5 | Killed an ancient lich
 67466 | Vaults:5 | Identified the cursed +1 scimitar of Makhleb's Hope
                  | {vorpal, rElec rPois Str+5 Int+2}
 67823 | Vaults:5 | Identified Sif Muna's Incunabulum of Icy Stones
 67951 | Vaults:5 | Identified Sif Muna's Almanac of Harmful Black Arts
 68188 | Vaults:5 | Got a silver rune of Zot
 69670 | Zot:1    | Entered Level 1 of the Realm of Zot
 69683 | Zot:1    | Noticed an orb of fire
 69687 | Zot:1    | Noticed an orb of fire
 69687 | Zot:1    | Killed an orb of fire
 69688 | Zot:1    | Killed an orb of fire
 69846 | Zot:2    | Killed from afar by a shadow dragon
